 Dungeon Crawl Stone Soup version 0.31.0-9-g3a7656b989 (webtiles) character file.

Game seed: 9158381058055600933

248 qw the Shooter (level 5, 0/25 HPs)
             Began as a Spriggan Hunter on Feb 2, 2024.
             Slain by a gnoll
             ... wielding a +0 spear
              (3 damage)
             ... on level 3 of the Dungeon.
             The game lasted 00:00:09 (2122 turns).

qw the Shooter (Spriggan Hunter)                    Turns: 2122, Time: 00:00:09

Health: 0/25       AC:  4    Str:  7    XL:     5   Next: 86%
Magic:  6/6        EV: 20    Int: 11    God:
Gold:   190        SH:  0    Dex: 20    Spells: 4/4 levels left

rFire   . . .        a - +0 shortbow
rCold   . . .        (shield currently unavailable)
rNeg    . . .        d - +2 robe {Will+}
rPois   .            (helmet restricted)
rElec   .            (no cloak)
rCorr   .            (gloves unavailable)
SInv    +            (boots unavailable)
Will    +....        (no amulet)
Stlth   ++           (no ring)
HPRegen 0.24/turn    (no ring)
MPRegen 0.10/turn

%: no passive effects
@: very quick
A: very small, no large weapons, unfitting armour, see invisible, speed 3
a: no special abilities


You were on level 3 of the Dungeon.
You visited 1 branch of the dungeon, and saw 3 of its levels.

You collected 190 gold pieces.


Innate Abilities, Weirdness & Mutations

You are very small and have problems with some larger weapons.
You are too small for most types of armour.
You have supernaturally acute eyesight. (SInv)
You cover ground extremely quickly. (Speed+++)


   Skills:
 - Level 1.5 Fighting
 - Level 6.5 Ranged Weapons
 + Level 4.7 Dodging
 - Level 1.5 Stealth


You had 4 spell levels left.
You didn't know any spells.
Your spell library was empty.

Inventory:

Hand Weapons
 a - a +0 shortbow (weapon)
Armour
 d - a +2 robe of willpower (worn)
Wands
 e - a wand of polymorph (13)
Scrolls
 f - a scroll of identify
 g - a scroll of amnesia {unknown}
 h - a scroll of enchant armour
Potions
 b - a potion of cancellation
 c - a potion of mutation {unknown}
 j - a potion of berserk rage {unknown}

Dungeon Overview and Level Annotations

Branches:
Dungeon (3/15)

Altars:

Shops:
D:1 ?


Message History

The gnoll is severely wounded.
You hear a shout!
A gnoll comes into view. It is wielding a +0 whip.
The orc hits you with a +0 club. The gnoll hits you with a +0 spear.
You shoot an arrow.
The arrow hits the gnoll but does no damage.
The gnoll is severely wounded.
The gnoll misses you. The orc completely misses you.
You shoot an arrow. The arrow barely misses the gnoll.
The gnoll hits you with a +0 spear. The orc closely misses you.
You shoot an arrow. The arrow barely misses the gnoll.
The orc closely misses you. The gnoll misses you.
A goblin comes into view.
It is wielding a +0 dagger of protection.
You shoot an arrow. The arrow hits the gnoll.
The gnoll is almost dead.
The orc closely misses you.
You shoot an arrow. The arrow hits the orc.
The orc is moderately wounded.
The orc completely misses you. The gnoll closely misses you.
You shoot an arrow. The arrow closely misses the orc.
The orc misses you. The gnoll closely misses you. The gnoll misses you.
You shoot an arrow. The arrow barely misses the orc.
The gnoll hits you with a +0 flail.
The gnoll hits you from afar with a +0 spear.
The orc completely misses you.
You shoot an arrow. The arrow hits the orc!
You kill the orc!
The gnoll misses you. The gnoll closely misses you.
You shoot an arrow. The arrow hits the gnoll.
The gnoll is lightly wounded.
The gnoll hits you from afar with a +0 spear.
The gnoll hits you with a +0 flail. The gnoll closely misses you.
You shoot an arrow. The arrow barely misses the gnoll.
The gnoll misses you. x3
You shoot an arrow. The arrow hits the gnoll.
The gnoll is moderately wounded.
The gnoll closely misses you. The gnoll hits you with a +0 whip.
The gnoll completely misses you.
The gnoll hits you from afar with a +0 spear.
You die...

#.#...###..##..........##....#
# #.##..#
##..#..........#...### .. ..#
##..............#.##### #. #.#
#.......#...........[)
#.#....#7#...########.
#.##)..# ##### #. #.#...## #.
#.#.# ## #.#@# ...)..gg..#
...#..g..)# #..###.# #.. .#
#.. .# #. # #.


You could see 3 gnolls.

Vanquished Creatures
  Sigmund (D:2)
  A gnoll (D:3)
  An adder (D:2)
  A ribbon worm (D:2)
  3 orcs (D:3)
  7 bats
  6 endoplasms
  3 giant cockroaches (D:1)
  7 goblins
  5 hobgoblins
  5 kobolds
  4 quokkas
  4 ball pythons
  8 frilled lizards
  4 rats
60 creatures vanquished.

Notes
Turn   | Place    | Note
-------+----------+-------------------------------------------
     0 | D:1      | qw the Spriggan Hunter began the quest for the Orb.
     0 | D:1      | Reached XP level 1. HP: 10/10 MP: 2/2
     0 | D:1      | 0 ||| qw: Version: 0.3-a-155-g5e7d8dd
     0 | D:1      | 0 ||| qw: Game counter: 2764
     0 | D:1      | 0 ||| qw: Melee chars always use a shield: true
     0 | D:1      | 0 ||| qw: God list: Okawaru
     0 | D:1      | 0 ||| qw: Allow faded altars: false
     0 | D:1      | 0 ||| qw: Do Orc after clearing Dungeon:15 true
     0 | D:1      | 0 ||| qw: Do second Lair branch before Depths: true
     0 | D:1      | 0 ||| qw: Lair rune preference: random
     0 | D:1      | 0 ||| qw: Goals: Normal
     0 | D:1      | 0 ||| PLANNING D:1-11
    44 | D:1      | Reached skill level 3 in Dodging
    49 | D:1      | Found Rual's Magic Scroll Boutique.
    59 | D:1      | 59 ||| SHOPLISTING scroll of enchant armour (82 gold, have
                  | 12).
    59 | D:1      | 59 ||| SHOPLISTING scroll of identify (22 gold, have 12).
    59 | D:1      | 59 ||| SHOPLISTING scroll of teleportation (33 gold, have
                  | 12).
   111 | D:1      | Reached XP level 2. HP: 13/14 MP: 3/3
   586 | D:1      | Reached XP level 3. HP: 18/18 MP: 4/4
   734 | D:1      | 734 ||| READING scroll labelled ECO RAODYFA.
   735 | D:1      | 735 ||| READING scroll labelled EZIKUH YQEN.
   736 | D:1      | 736 ||| READING scroll labelled HUAHOU YPHAX.
   736 | D:1      | 736 ||| IDENTIFYING grey potion
   737 | D:1      | 737 ||| READING scroll labelled WYSSIONIHE.
   740 | D:1      | 740 ||| READING scroll labelled IKHLON ZUNWA.
   841 | D:1      | 841 ||| DROPPING scroll of butterflies.
   842 | D:1      | 842 ||| DROPPING potion of lignification.
  1069 | D:2      | Noticed Sigmund
  1070 | D:2      | 1070 ||| FLEEEEING.
  1071 | D:2      | 1071 ||| STAIRDANCE
  1093 | D:1      | 1093 ||| READING scroll labelled FESKU MEXTIMP.
  1093 | D:1      | 1093 ||| ENCHANTING +0 shortbow.
  1103 | D:2      | 1103 ||| STAIRDANCE
  1212 | D:2      | 1212 ||| STAIRDANCE
  1240 | D:2      | 1240 ||| STAIRDANCE
  1276 | D:2      | Killed Sigmund
  1277 | D:2      | Reached skill level 6 in Ranged Weapons
  1277 | D:2      | Reached XP level 4. HP: 22/22 MP: 5/5
  1277 | D:2      | Reached XP level 5. HP: 25/25 MP: 6/6
  1480 | D:2      | You fall into a shaft and drop 1 floor!
  1531 | D:3      | 1531 ||| UPGRADING to +2 robe of willpower.
  1541 | D:3      | 1541 ||| DROPPING +0 robe.
  1542 | D:3      | 1542 ||| READING scroll of identify.
  1542 | D:3      | 1542 ||| IDENTIFYING bubbling white potion
  1543 | D:3      | 1543 ||| READING scroll labelled SEL EGEFIFYGHI.
  2122 | D:3      | HP: 3/25 [gnoll/+0 whip (5)]
  2122 | D:3      | Slain by a gnoll

Levels and vault maps discovered:
D:1:      ldierk_walled_garden_2, layout_basic, serial_shops, shop,
          minmay_splitting_lines, minivault_5, chequers_serial_rivers_micro_e,
          st_stairs_12
D:2:      layout_loops_ring, minmay_small_reverse_x, uniq_sigmund
D:3:      layout_loops_cross, nicolae_overflow_crystal_walls,
          mainiacjoe_overflow_tiny_flanked, kennysheep_decorative_pillar

Skill      XL: |  1  2  3 |
---------------+----------+-----
Dodging        | 3 4 |  4.7
Ranged Weapons | 6 |  6.5
Fighting       | |  1.5
Stealth        | |  1.5

Action                     |  1- 3 |  4- 6 || total
---------------------------+-------+-------++-------
   Fire: Shortbow          |   136 |    58 ||   194
    Use: Scroll            |     6 |     2 ||     8
 Armour: Robe              |    10 |    12 ||    22
  Dodge: Dodged            |    38 |    25 ||    63

Table legend:
 A = Non-vault XP
 B = Vault XP
 C = Vault XP percentage of total XP
 D = Non-vault monster count
 E = Vault monster count
 F = Vault count percentage of total count
                 A         B        C        D         E       F
            +---------+---------+-------+---------+---------+-------
      Total |     121 |     234 |  65.9 |      53 |       7 |  11.7
            +---------+---------+-------+---------+---------+-------
        D:1 |      40 |       4 |   9.1 |      24 |       2 |   7.7
        D:2 |      37 |     230 |  86.1 |      13 |       5 |  27.8
        D:3 |      44 |       0 |   0.0 |      16 |       0 |   0.0
            +---------+---------+-------+---------+---------+-------
